 Dungeon Crawl Stone Soup version 0.30-a0-696-g2367cd04db (webtiles) character file.

Game seed: 17720050352216974000

133 rogsnak the Digger (level 4, -8/33 HPs)
             Began as a Draconian Earth Elementalist on Jan 21, 2023.
             Killed by nerve-wracking pain
             ... invoked by an orc priest
              (13 damage)
             ... on level 3 of the Dungeon.
             The game lasted 00:05:11 (2153 turns).

rogsnak the Digger (Draconian Earth Elementalist)   Turns: 2153, Time: 00:05:11

Health: -8/33      AC:  6    Str: 11    XL:     4   Next: 94%
Magic:  0/9        EV: 12    Int: 17    God:
Gold:   61         SH:  0    Dex: 11    Spells: 8/9 levels left

rFire   . . .      SeeInvis .    q - +0 quarterstaff
rCold   . . .      Faith    .    (shield currently unavailable)
rNeg    . . .      Spirit   .    (body armour unavailable)
rPois   .          Reflect  .    (helmet restricted)
rElec   .          Harm     .    m - +0 cloak
rCorr   .          Rampage  .    (no gloves)
Will    .....                    (no boots)
Stlth   ++                       b - amulet of the acrobat
HPRegen 0.25/turn                (no ring)
MPRegen 0.11/turn                (no ring)

@: no status effects
A: AC +5, unfitting armour, cold-blooded
a: no special abilities


You were on level 3 of the Dungeon.
You visited 1 branch of the dungeon, and saw 3 of its levels.

You collected 61 gold pieces.

Inventory:

Hand Weapons
 d - a +0 short sword
 e - a +0 spear
 j - a +0 long sword
 q - a +0 quarterstaff (weapon)
Armour
 m - a +0 cloak (worn)
Magical Staves
 l - a staff of poison
Jewellery
 b - an amulet of the acrobat (around neck)
 r - an amulet of guardian spirit
 s - an amulet of reflection
Scrolls
 c - 4 scrolls of vulnerability {unknown}
 g - 3 scrolls of teleportation {unknown}
 i - 2 scrolls of enchant weapon {unknown}
 k - a scroll of fog {unknown}
 o - 3 scrolls of blinking {unknown}
 p - a scroll of immolation {unknown}
 t - a scroll of identify {unknown}
 u - a scroll of enchant armour {unknown}
Potions
 a - a potion of magic
 f - a potion of ambrosia {unknown}
 h - a potion of brilliance {unknown}
 n - a potion of curing {unknown}


   Skills:
 + Level 2.0 Dodging
 - Level 2.0 Stealth
 + Level 3.4 Spellcasting
 + Level 1.0 Transmutations
 + Level 4.4 Earth Magic


You had 8 spell levels left.
You knew the following spells:

 Your Spells              Type           Power      Damage    Failure   Level
a - Sandblast             Erth           36%        2d10      2%          1

Your spell library contained the following spells:

 Spells                   Type           Power      Damage    Failure   Level
 Passwall                 Tmut/Erth      10%        N/A       9%          2
 Kiss of Death            Conj/Necr      8%         2d6       17%         1
 Stone Arrow              Conj/Erth      20%        3d8       21%         3
 Confusing Touch          Hex            2%         N/A       45%         3
 Petrify                  Tmut/Erth      12%        N/A       47%         4
 Dispel Undead            Necr           2%         3d7       86%         4


Dungeon Overview and Level Annotations

Branches:
Dungeon (3/15)

Altars:


Innate Abilities, Weirdness & Mutations

Your plain brown scales are hard. (AC +5)
You cannot fit into any form of body armour.
You are cold-blooded and may be slowed by cold attacks.


Message History

Casting: Sandblast (safe; 2% risk of failure)
Confirm with . or Enter, or press ? or * to list all spells.
Aiming: Sandblast (safe; 2% risk of failure)
Press: ? - help, Shift-Dir - straight line, f/p - orc priest
Aim: an orc priest, wielding a +0 mace (82% to hit)
The blast of sand hits the orc.
You kill the orc!
The orc priest barely misses you.
Casting: Sandblast (safe; 2% risk of failure)
Confirm with . or Enter, or press ? or * to list all spells.
Aiming: Sandblast (safe; 2% risk of failure)
Press: ? - help, Shift-Dir - straight line, f/p - orc priest
Aim: an orc priest, wielding a +0 mace (82% to hit)
The blast of sand hits the orc priest!
The orc priest is severely wounded.
The orc priest barely misses you.
Casting: Sandblast (safe; 2% risk of failure)
Confirm with . or Enter, or press ? or * to list all spells.
You don't have enough magic to cast this spell.
Unknown command.
The orc shouts!
You hit the orc priest.
The orc priest is almost dead.
The orc priest barely misses you. The orc priest hits you with a +0 mace.
* * * LOW HITPOINT WARNING * * *
You barely miss the orc priest.
The orc priest is almost dead.
The orc priest invokes the aid of Beogh against you.
Pain shoots through your body!
* * * LOW HITPOINT WARNING * * *
You closely miss the orc priest.
The orc priest is almost dead.
The orc priest hits you but does no damage.
You closely miss the orc priest.
The orc wizard shouts!
You tail-slap the orc priest, but do no damage.
The orc priest is almost dead.
The orc priest mumbles some strange prayers to Beogh against you.
Pain shoots through your body!
You die... #.# # #######.##.#### ............... #######.##.#### ##...### #.....# ##.†.## ##.## #@# #o# #{# Joo

##.# ..... #...##
....... #>#...
.....o=.. ##.....##
'.........'.......o#
##....[....##
#.J..o##.


You could see an orc priest, an orc wizard, 2 orcs and an endoplasm.

Vanquished Creatures
  An orc wizard (D:2)
  Robin (D:2)
  An adder (D:2)
  2 worms (D:2)
  A dart slug (D:1)
  2 orcs (D:3)
  5 ball pythons
  5 bats
  8 endoplasms
  A giant cockroach (D:1)
  13 hobgoblins
  4 jackals (D:3)
  5 kobolds
  A quokka (D:3)
  4 frilled lizards
  9 goblins (D:2)
  6 rats
69 creatures vanquished.

Notes
Turn   | Place    | Note
-------+----------+-------------------------------------------
     0 | D:1      | rogsnak the Draconian Earth Elementalist began the quest
                  | for the Orb.
     0 | D:1      | Reached XP level 1. HP: 14/14 MP: 3/3
   183 | D:1      | Reached XP level 2. HP: 20/20 MP: 3/5
   395 | D:1      | Found a faded altar of an unknown god.
   532 | D:1      | Reached XP level 3. HP: 23/26 MP: 1/6
   876 | D:2      | Noticed Robin
  1032 | D:2      | Reached skill level 4 in Earth Magic
  1046 | D:2      | Killed Robin
  1047 | D:2      | Reached XP level 4. HP: 20/33 MP: 0/8
  2153 | D:3      | Killed from afar by an orc priest

Illustrated notes

Levels and vault maps discovered:
D:1:      dpeg_arrival_fog, layout_rooms, chequers_ecumenical_altar_simple
D:2:      layout_loops_cross, minmay_diced_spiral, uniq_robin
D:3:      layout_loops_corners, grunt_ministairs_11

Skill      XL: |  1  2  3  4 |
---------------+-------------+-----
Stealth        | 2 |  2.0
Earth Magic    | 4 |  4.4
Spellcasting   | 3 |  3.4
Dodging        | 2 |  2.0
Transmutations | |  1.0

Action                   |  1- 3 |  4- 6 || total
-------------------------+-------+-------++-------
Melee: Short sword       |     2 |       ||     2
       Spear             |     1 |       ||     1
       Quarterstaff      |    12 |     9 ||    21
       Tailslap          |     3 |     1 ||     4
       Long sword        |     1 |       ||     1
 Cast: Sandblast         |    56 |    46 ||   102
Armor: Skin              |    13 |     7 ||    20
Dodge: Dodged            |    16 |    16 ||    32

Table legend: (Time is in decaauts)
 A = Elapsed time spent in this place.
 B = Non-inter-level travel time spent in this place.
 C = Inter-level travel time spent in this place.
 D = Time resting spent in this place.
 E = Time spent auto-exploring this place.
 F = Levels seen in this place.
 G = Mean time per level.
                   A        B        C        D        E       F      G
               +--------+--------+--------+--------+--------+-----+--------+
         Total |   2210 |   2136 |     74 |    211 |   1239 |   3 |  736.7 |
       Dungeon |   2210 |   2136 |     74 |    211 |   1239 |   3 |  736.7 |
               +--------+--------+--------+--------+--------+-----+--------+

Top non-repeatable levels by time:
     D:2: 1105 daAuts
     D:1: 722 daAuts
     D:3: 383 daAuts
